Workbook

Sheet Januar
A1: Haushaltsbuch
A3: Einnahmen
A4: Gehalt
A5: Kindergeld
A6: Unterhalt
A7: Sonstiges
A9: Gesamt Einnahmen | C9: =SUM(C4:C7) -> 0 | D9: Überschuss
A10: Gesamt Ausgaben | C10: =H46 -> 0 | D10: =SUM(C9)-C10 -> 0
A11: 43831
B12: Kostenaufteilung
A14: Datum | B14: Lebensmittel | C14: Kleidung | D14: Kfz-Kosten | E14: Mietkosten | F14: Freizeit | G14: Sonstiges | H14: Gesamt
A15: =A11 -> 43831 | H15: =SUM(B15:G15) -> 0
A16: =A15+1 -> 43832 | H16: =SUM(B16:G16) -> 0
A17: =A16+1 -> 43833 | H17: =SUM(B17:G17) -> 0
A18: =A17+1 -> 43834 | H18: =SUM(B18:G18) -> 0
A19: =A18+1 -> 43835 | H19: =SUM(B19:G19) -> 0
A20: =A19+1 -> 43836 | H20: =SUM(B20:G20) -> 0
A21: =A20+1 -> 43837 | H21: =SUM(B21:G21) -> 0
A22: =A21+1 -> 43838 | H22: =SUM(B22:G22) -> 0
A23: =A22+1 -> 43839 | H23: =SUM(B23:G23) -> 0
A24: =A23+1 -> 43840 | H24: =SUM(B24:G24) -> 0
A25: =A24+1 -> 43841 | H25: =SUM(B25:G25) -> 0
A26: =A25+1 -> 43842 | H26: =SUM(B26:G26) -> 0
A27: =A26+1 -> 43843 | H27: =SUM(B27:G27) -> 0
... A45: =A44+1 -> 43861 | H45: =SUM(B45:G45) -> 0
B46: =SUM(B15:B45) -> 0 | C46: =SUM(C15:C45) -> 0 | D46: =SUM(D15:D45) -> 0 | E46: =SUM(E15:E45) -> 0 | F46: =SUM(F15:F45) -> 0 | G46: =SUM(G15:G45) -> 0 | H46: =SUM(H15:H45) -> 0

Sheet Februar
A1: Haushaltsbuch
A3: Einnahmen
A4: Gehalt
A5: Kindergeld
A6: Unterhalt
A7: Sonstiges
A9: Gesamt Einnahmen | C9: =SUM(C4:C7) -> 0 | D9: Überschuss
A10: Gesamt Ausgaben | C10: =H46 -> 0 | D10: =SUM(C9)-C10 -> 0
A11: 43862
B12: Kostenaufteilung
A14: Datum | B14: Lebensmittel | C14: Kleidung | D14: Kfz-Kosten | E14: Mietkosten | F14: Freizeit | G14: Sonstiges | H14: Gesamt
A15: =A11 -> 43862 | H15: =SUM(B15:G15) -> 0
A16: =A15+1 -> 43863 | H16: =SUM(B16:G16) -> 0
A17: =A16+1 -> 43864 | H17: =SUM(B17:G17) -> 0
A18: =A17+1 -> 43865 | H18: =SUM(B18:G18) -> 0
A19: =A18+1 -> 43866 | H19: =SUM(B19:G19) -> 0
A20: =A19+1 -> 43867 | H20: =SUM(B20:G20) -> 0
A21: =A20+1 -> 43868 | H21: =SUM(B21:G21) -> 0
A22: =A21+1 -> 43869 | H22: =SUM(B22:G22) -> 0
A23: =A22+1 -> 43870 | H23: =SUM(B23:G23) -> 0
A24: =A23+1 -> 43871 | H24: =SUM(B24:G24) -> 0
A25: =A24+1 -> 43872 | H25: =SUM(B25:G25) -> 0
A26: =A25+1 -> 43873 | H26: =SUM(B26:G26) -> 0
A27: =A26+1 -> 43874 | H27: =SUM(B27:G27) -> 0
... A42: =A41+1 -> 43889 | H42: =SUM(B42:G42) -> 0
H43: =SUM(H15:H42) -> 0

Sheet März
A1: Haushaltsbuch
A3: Einnahmen
A4: Gehalt
A5: Kindergeld
A6: Unterhalt
A7: Sonstiges
A9: Gesamt Einnahmen | C9: =SUM(C4:C7) -> 0 | D9: Überschuss
A10: Gesamt Ausgaben | C10: =H46 -> 0 | D10: =SUM(C9)-C10 -> 0
A11: 43891
B12: Kostenaufteilung
A14: Datum | B14: Lebensmittel | C14: Kleidung | D14: Kfz-Kosten | E14: Mietkosten | F14: Freizeit | G14: Sonstiges | H14: Gesamt
A15: =A11 -> 43891 | H15: =SUM(B15:G15) -> 0
A16: =A15+1 -> 43892 | H16: =SUM(B16:G16) -> 0
A17: =A16+1 -> 43893 | H17: =SUM(B17:G17) -> 0
A18: =A17+1 -> 43894 | H18: =SUM(B18:G18) -> 0
A19: =A18+1 -> 43895 | H19: =SUM(B19:G19) -> 0
A20: =A19+1 -> 43896 | H20: =SUM(B20:G20) -> 0
A21: =A20+1 -> 43897 | H21: =SUM(B21:G21) -> 0
A22: =A21+1 -> 43898 | H22: =SUM(B22:G22) -> 0
A23: =A22+1 -> 43899 | H23: =SUM(B23:G23) -> 0
A24: =A23+1 -> 43900 | H24: =SUM(B24:G24) -> 0
A25: =A24+1 -> 43901 | H25: =SUM(B25:G25) -> 0
A26: =A25+1 -> 43902 | H26: =SUM(B26:G26) -> 0
A27: =A26+1 -> 43903 | H27: =SUM(B27:G27) -> 0
... A45: =A44+1 -> 43921 | H45: =SUM(B45:G45) -> 0
B46: =SUM(B15:B45) -> 0 | C46: =SUM(C15:C45) -> 0 | D46: =SUM(D15:D45) -> 0 | E46: =SUM(E15:E45) -> 0 | F46: =SUM(F15:F45) -> 0 | G46: =SUM(G15:G45) -> 0 | H46: =SUM(H15:H45) -> 0

Sheet April
A1: Haushaltsbuch
A3: Einnahmen
A4: Gehalt
A5: Kindergeld
A6: Unterhalt
A7: Sonstiges
A9: Gesamt Einnahmen | C9: =SUM(C4:C7) -> 0 | D9: Überschuss
A10: Gesamt Ausgaben | C10: =H46 -> 0 | D10: =SUM(C9)-C10 -> 0
A11: 43922
B12: Kostenaufteilung
A14: Datum | B14: Lebensmittel | C14: Kleidung | D14: Kfz-Kosten | E14: Mietkosten | F14: Freizeit | G14: Sonstiges | H14: Gesamt
A15: =A11 -> 43922 | H15: =SUM(B15:G15) -> 0
A16: =A15+1 -> 43923 | H16: =SUM(B16:G16) -> 0
A17: =A16+1 -> 43924 | H17: =SUM(B17:G17) -> 0
A18: =A17+1 -> 43925 | H18: =SUM(B18:G18) -> 0
A19: =A18+1 -> 43926 | H19: =SUM(B19:G19) -> 0
A20: =A19+1 -> 43927 | H20: =SUM(B20:G20) -> 0
A21: =A20+1 -> 43928 | H21: =SUM(B21:G21) -> 0
A22: =A21+1 -> 43929 | H22: =SUM(B22:G22) -> 0
A23: =A22+1 -> 43930 | H23: =SUM(B23:G23) -> 0
A24: =A23+1 -> 43931 | H24: =SUM(B24:G24) -> 0
A25: =A24+1 -> 43932 | H25: =SUM(B25:G25) -> 0
A26: =A25+1 -> 43933 | H26: =SUM(B26:G26) -> 0
A27: =A26+1 -> 43934 | H27: =SUM(B27:G27) -> 0
... A44: =A43+1 -> 43951 | H44: =SUM(B44:G44) -> 0
H45: =SUM(H15:H44) -> 0

Sheet Mai
A1: Haushaltsbuch
A3: Einnahmen
A4: Gehalt
A5: Kindergeld
A6: Unterhalt
A7: Sonstiges
A9: Gesamt Einnahmen | C9: =SUM(C4:C7) -> 0 | D9: Überschuss
A10: Gesamt Ausgaben | C10: =H46 -> 0 | D10: =SUM(C9)-C10 -> 0
A11: 43952
B12: Kostenaufteilung
A14: Datum | B14: Lebensmittel | C14: Kleidung | D14: Kfz-Kosten | E14: Mietkosten | F14: Freizeit | G14: Sonstiges | H14: Gesamt
A15: =A11 -> 43952 | H15: =SUM(B15:G15) -> 0
A16: =A15+1 -> 43953 | H16: =SUM(B16:G16) -> 0
A17: =A16+1 -> 43954 | H17: =SUM(B17:G17) -> 0
A18: =A17+1 -> 43955 | H18: =SUM(B18:G18) -> 0
A19: =A18+1 -> 43956 | H19: =SUM(B19:G19) -> 0
A20: =A19+1 -> 43957 | H20: =SUM(B20:G20) -> 0
A21: =A20+1 -> 43958 | H21: =SUM(B21:G21) -> 0
A22: =A21+1 -> 43959 | H22: =SUM(B22:G22) -> 0
A23: =A22+1 -> 43960 | H23: =SUM(B23:G23) -> 0
A24: =A23+1 -> 43961 | H24: =SUM(B24:G24) -> 0
A25: =A24+1 -> 43962 | H25: =SUM(B25:G25) -> 0
A26: =A25+1 -> 43963 | H26: =SUM(B26:G26) -> 0
A27: =A26+1 -> 43964 | H27: =SUM(B27:G27) -> 0
... A45: =A44+1 -> 43982 | H45: =SUM(B45:G45) -> 0
B46: =SUM(B15:B45) -> 0 | C46: =SUM(C15:C45) -> 0 | D46: =SUM(D15:D45) -> 0 | E46: =SUM(E15:E45) -> 0 | F46: =SUM(F15:F45) -> 0 | G46: =SUM(G15:G45) -> 0 | H46: =SUM(H15:H45) -> 0

Sheet Juni
A1: Haushaltsbuch
A3: Einnahmen
A4: Gehalt
A5: Kindergeld
A6: Unterhalt
A7: Sonstiges
A9: Gesamt Einnahmen | C9: =SUM(C4:C7) -> 0 | D9: Überschuss
A10: Gesamt Ausgaben | C10: =H46 -> 0 | D10: =SUM(C9)-C10 -> 0
A11: 43983
B12: Kostenaufteilung
A14: Datum | B14: Lebensmittel | C14: Kleidung | D14: Kfz-Kosten | E14: Mietkosten | F14: Freizeit | G14: Sonstiges | H14: Gesamt
A15: =A11 -> 43983 | H15: =SUM(B15:G15) -> 0
A16: =A15+1 -> 43984 | H16: =SUM(B16:G16) -> 0
A17: =A16+1 -> 43985 | H17: =SUM(B17:G17) -> 0
A18: =A17+1 -> 43986 | H18: =SUM(B18:G18) -> 0
A19: =A18+1 -> 43987 | H19: =SUM(B19:G19) -> 0
A20: =A19+1 -> 43988 | H20: =SUM(B20:G20) -> 0
A21: =A20+1 -> 43989 | H21: =SUM(B21:G21) -> 0
A22: =A21+1 -> 43990 | H22: =SUM(B22:G22) -> 0
A23: =A22+1 -> 43991 | H23: =SUM(B23:G23) -> 0
A24: =A23+1 -> 43992 | H24: =SUM(B24:G24) -> 0
A25: =A24+1 -> 43993 | H25: =SUM(B25:G25) -> 0
A26: =A25+1 -> 43994 | H26: =SUM(B26:G26) -> 0
A27: =A26+1 -> 43995 | H27: =SUM(B27:G27) -> 0
... A44: =A43+1 -> 44012 | H44: =SUM(B44:G44) -> 0
H45: =SUM(H15:H44) -> 0

Sheet Juli
A1: Haushaltsbuch
A3: Einnahmen
A4: Gehalt
A5: Kindergeld
A6: Unterhalt
A7: Sonstiges
A9: Gesamt Einnahmen | C9: =SUM(C4:C7) -> 0 | D9: Überschuss
A10: Gesamt Ausgaben | C10: =H46 -> 0 | D10: =SUM(C9)-C10 -> 0
A11: 44013
B12: Kostenaufteilung
A14: Datum | B14: Lebensmittel | C14: Kleidung | D14: Kfz-Kosten | E14: Mietkosten | F14: Freizeit | G14: Sonstiges | H14: Gesamt
A15: =A11 -> 44013 | H15: =SUM(B15:G15) -> 0
A16: =A15+1 -> 44014 | H16: =SUM(B16:G16) -> 0
A17: =A16+1 -> 44015 | H17: =SUM(B17:G17) -> 0
A18: =A17+1 -> 44016 | H18: =SUM(B18:G18) -> 0
A19: =A18+1 -> 44017 | H19: =SUM(B19:G19) -> 0
A20: =A19+1 -> 44018 | H20: =SUM(B20:G20) -> 0
A21: =A20+1 -> 44019 | H21: =SUM(B21:G21) -> 0
A22: =A21+1 -> 44020 | H22: =SUM(B22:G22) -> 0
A23: =A22+1 -> 44021 | H23: =SUM(B23:G23) -> 0
A24: =A23+1 -> 44022 | H24: =SUM(B24:G24) -> 0
A25: =A24+1 -> 44023 | H25: =SUM(B25:G25) -> 0
A26: =A25+1 -> 44024 | H26: =SUM(B26:G26) -> 0
A27: =A26+1 -> 44025 | H27: =SUM(B27:G27) -> 0
... A45: =A44+1 -> 44043 | H45: =SUM(B45:G45) -> 0
B46: =SUM(B15:B45) -> 0 | C46: =SUM(C15:C45) -> 0 | D46: =SUM(D15:D45) -> 0 | E46: =SUM(E15:E45) -> 0 | F46: =SUM(F15:F45) -> 0 | G46: =SUM(G15:G45) -> 0 | H46: =SUM(H15:H45) -> 0

Sheet August
A1: Haushaltsbuch
A3: Einnahmen
A4: Gehalt
A5: Kindergeld
A6: Unterhalt
A7: Sonstiges
A9: Gesamt Einnahmen | C9: =SUM(C4:C7) -> 0 | D9: Überschuss
A10: Gesamt Ausgaben | C10: =H46 -> 0 | D10: =SUM(C9)-C10 -> 0
A11: 44044
B12: Kostenaufteilung
A14: Datum | B14: Lebensmittel | C14: Kleidung | D14: Kfz-Kosten | E14: Mietkosten | F14: Freizeit | G14: Sonstiges | H14: Gesamt
A15: =A11 -> 44044 | H15: =SUM(B15:G15) -> 0
A16: =A15+1 -> 44045 | H16: =SUM(B16:G16) -> 0
A17: =A16+1 -> 44046 | H17: =SUM(B17:G17) -> 0
A18: =A17+1 -> 44047 | H18: =SUM(B18:G18) -> 0
A19: =A18+1 -> 44048 | H19: =SUM(B19:G19) -> 0
A20: =A19+1 -> 44049 | H20: =SUM(B20:G20) -> 0
A21: =A20+1 -> 44050 | H21: =SUM(B21:G21) -> 0
A22: =A21+1 -> 44051 | H22: =SUM(B22:G22) -> 0
A23: =A22+1 -> 44052 | H23: =SUM(B23:G23) -> 0
A24: =A23+1 -> 44053 | H24: =SUM(B24:G24) -> 0
A25: =A24+1 -> 44054 | H25: =SUM(B25:G25) -> 0
A26: =A25+1 -> 44055 | H26: =SUM(B26:G26) -> 0
A27: =A26+1 -> 44056 | H27: =SUM(B27:G27) -> 0
... A45: =A44+1 -> 44074 | H45: =SUM(B45:G45) -> 0
B46: =SUM(B15:B45) -> 0 | C46: =SUM(C15:C45) -> 0 | D46: =SUM(D15:D45) -> 0 | E46: =SUM(E15:E45) -> 0 | F46: =SUM(F15:F45) -> 0 | G46: =SUM(G15:G45) -> 0 | H46: =SUM(H15:H45) -> 0

Sheet September
A1: Haushaltsbuch
A3: Einnahmen
A4: Gehalt
A5: Kindergeld
A6: Unterhalt
A7: Sonstiges
A9: Gesamt Einnahmen | C9: =SUM(C4:C7) -> 0 | D9: Überschuss
A10: Gesamt Ausgaben | C10: =H46 -> 0 | D10: =SUM(C9)-C10 -> 0
A11: 44075
B12: Kostenaufteilung
A14: Datum | B14: Lebensmittel | C14: Kleidung | D14: Kfz-Kosten | E14: Mietkosten | F14: Freizeit | G14: Sonstiges | H14: Gesamt
A15: =A11 -> 44075 | H15: =SUM(B15:G15) -> 0
A16: =A15+1 -> 44076
A17: =A16+1 -> 44077
A18: =A17+1 -> 44078
A19: =A18+1 -> 44079
A20: =A19+1 -> 44080
A21: =A20+1 -> 44081
A22: =A21+1 -> 44082
A23: =A22+1 -> 44083 | H23: =SUM(B23:G23) -> 0
A24: =A23+1 -> 44084 | H24: =SUM(B24:G24) -> 0
A25: =A24+1 -> 44085 | H25: =SUM(B25:G25) -> 0
A26: =A25+1 -> 44086 | H26: =SUM(B26:G26) -> 0
A27: =A26+1 -> 44087 | H27: =SUM(B27:G27) -> 0
A28: =A27+1 -> 44088 | H28: =SUM(B28:G28) -> 0
A29: =A28+1 -> 44089 | H29: =SUM(B29:G29) -> 0
A30: =A29+1 -> 44090 | H30: =SUM(B30:G30) -> 0
A31: =A30+1 -> 44091 | H31: =SUM(B31:G31) -> 0
A32: =A31+1 -> 44092 | H32: =SUM(B32:G32) -> 0
A33: =A32+1 -> 44093 | H33: =SUM(B33:G33) -> 0
A34: =A33+1 -> 44094 | H34: =SUM(B34:G34) -> 0
... A44: =A43+1 -> 44104 | H44: =SUM(B44:G44) -> 0
H45: =SUM(H15:H44) -> 0

Sheet Oktober
A1: Haushaltsbuch
A3: Einnahmen
A4: Gehalt
A5: Kindergeld
A6: Unterhalt
A7: Sonstiges
A9: Gesamt Einnahmen | C9: =SUM(C4:C7) -> 0 | D9: Überschuss
A10: Gesamt Ausgaben | C10: =H46 -> 0 | D10: =SUM(C9)-C10 -> 0
A11: 44105
B12: Kostenaufteilung
A14: Datum | B14: Lebensmittel | C14: Kleidung | D14: Kfz-Kosten | E14: Mietkosten | F14: Freizeit | G14: Sonstiges | H14: Gesamt
A15: =A11 -> 44105 | H15: =SUM(B15:G15) -> 0
A16: =A15+1 -> 44106 | H16: =SUM(B16:G16) -> 0
A17: =A16+1 -> 44107 | H17: =SUM(B17:G17) -> 0
A18: =A17+1 -> 44108 | H18: =SUM(B18:G18) -> 0
A19: =A18+1 -> 44109 | H19: =SUM(B19:G19) -> 0
A20: =A19+1 -> 44110 | H20: =SUM(B20:G20) -> 0
A21: =A20+1 -> 44111 | H21: =SUM(B21:G21) -> 0
A22: =A21+1 -> 44112 | H22: =SUM(B22:G22) -> 0
A23: =A22+1 -> 44113 | H23: =SUM(B23:G23) -> 0
A24: =A23+1 -> 44114 | H24: =SUM(B24:G24) -> 0
A25: =A24+1 -> 44115 | H25: =SUM(B25:G25) -> 0
A26: =A25+1 -> 44116 | H26: =SUM(B26:G26) -> 0
A27: =A26+1 -> 44117 | H27: =SUM(B27:G27) -> 0
... A45: =A44+1 -> 44135 | H45: =SUM(B45:G45) -> 0
B46: =SUM(B15:B45) -> 0 | C46: =SUM(C15:C45) -> 0 | D46: =SUM(D15:D45) -> 0 | E46: =SUM(E15:E45) -> 0 | F46: =SUM(F15:F45) -> 0 | G46: =SUM(G15:G45) -> 0 | H46: =SUM(H15:H45) -> 0

Sheet November
A1: Haushaltsbuch
A3: Einnahmen
A4: Gehalt
A5: Kindergeld
A6: Unterhalt
A7: Sonstiges
A9: Gesamt Einnahmen | C9: =SUM(C4:C7) -> 0 | D9: Überschuss
A10: Gesamt Ausgaben | C10: =H46 -> 0 | D10: =SUM(C9)-C10 -> 0
A11: 44136
B12: Kostenaufteilung
A14: Datum | B14: Lebensmittel | C14: Kleidung | D14: Kfz-Kosten | E14: Mietkosten | F14: Freizeit | G14: Sonstiges | H14: Gesamt
A15: =A11 -> 44136 | H15: =SUM(B15:G15) -> 0
A16: =A15+1 -> 44137 | H16: =SUM(B16:G16) -> 0
A17: =A16+1 -> 44138 | H17: =SUM(B17:G17) -> 0
A18: =A17+1 -> 44139 | H18: =SUM(B18:G18) -> 0
A19: =A18+1 -> 44140 | H19: =SUM(B19:G19) -> 0
A20: =A19+1 -> 44141 | H20: =SUM(B20:G20) -> 0
A21: =A20+1 -> 44142 | H21: =SUM(B21:G21) -> 0
A22: =A21+1 -> 44143 | H22: =SUM(B22:G22) -> 0
A23: =A22+1 -> 44144 | H23: =SUM(B23:G23) -> 0
A24: =A23+1 -> 44145 | H24: =SUM(B24:G24) -> 0
A25: =A24+1 -> 44146 | H25: =SUM(B25:G25) -> 0
A26: =A25+1 -> 44147 | H26: =SUM(B26:G26) -> 0
A27: =A26+1 -> 44148 | H27: =SUM(B27:G27) -> 0
... A44: =A43+1 -> 44165 | H44: =SUM(B44:G44) -> 0
H45: =SUM(H15:H44) -> 0

Sheet Dezember
A1: Haushaltsbuch
A3: Einnahmen
A4: Gehalt
A5: Kindergeld
A6: Unterhalt
A7: Sonstiges
A9: Gesamt Einnahmen | C9: =SUM(C4:C7) -> 0 | D9: Überschuss
A10: Gesamt Ausgaben | C10: =H46 -> 0 | D10: =SUM(C9)-C10 -> 0
A11: 44166
B12: Kostenaufteilung
A14: Datum | B14: Lebensmittel | C14: Kleidung | D14: Kfz-Kosten | E14: Mietkosten | F14: Freizeit | G14: Sonstiges | H14: Gesamt
A15: =A11 -> 44166 | H15: =SUM(B15:G15) -> 0
A16: =A15+1 -> 44167 | H16: =SUM(B16:G16) -> 0
A17: =A16+1 -> 44168 | H17: =SUM(B17:G17) -> 0
A18: =A17+1 -> 44169 | H18: =SUM(B18:G18) -> 0
A19: =A18+1 -> 44170 | H19: =SUM(B19:G19) -> 0
A20: =A19+1 -> 44171 | H20: =SUM(B20:G20) -> 0
A21: =A20+1 -> 44172 | H21: =SUM(B21:G21) -> 0
A22: =A21+1 -> 44173 | H22: =SUM(B22:G22) -> 0
A23: =A22+1 -> 44174 | H23: =SUM(B23:G23) -> 0
A24: =A23+1 -> 44175 | H24: =SUM(B24:G24) -> 0
A25: =A24+1 -> 44176 | H25: =SUM(B25:G25) -> 0
A26: =A25+1 -> 44177 | H26: =SUM(B26:G26) -> 0
A27: =A26+1 -> 44178 | H27: =SUM(B27:G27) -> 0
... A45: =A44+1 -> 44196 | H45: =SUM(B45:G45) -> 0
B46: =SUM(B15:B45) -> 0 | C46: =SUM(C15:C45) -> 0 | D46: =SUM(D15:D45) -> 0 | E46: =SUM(E15:E45) -> 0 | F46: =SUM(F15:F45) -> 0 | G46: =SUM(G15:G45) -> 0 | H46: =SUM(H15:H45) -> 0

Sheet Jahresübersicht
B1: Jahresübersicht
B2: =Januar!A11 -> 43831
B4: Monat | C4: Lebensmittel | D4: Kleidung | E4: Kfz-Kosten | F4: Mietkosten | G4: Freizeit | H4: Sonstiges | I4: Gesamt
B5: Januar | C5: =Januar!B46 -> 0 | D5: =Januar!C46 -> 0 | E5: =Januar!D46 -> 0 | F5: =Januar!E46 -> 0 | G5: =Januar!F46 -> 0 | H5: =Januar!G46 -> 0 | I5: =SUM(C5:H5) -> 0
B6: Februar | C6: =Februar!B43 -> 0 | D6: =Februar!C43 -> 0 | E6: =Februar!D43 -> 0 | F6: =Februar!E43 -> 0 | G6: =Februar!F43 -> 0 | H6: =Februar!G43 -> 0 | I6: =SUM(C6:H6) -> 0
B7: März | C7: =März!B46 -> 0 | D7: =März!C46 -> 0 | E7: =März!D46 -> 0 | F7: =März!E46 -> 0 | G7: =März!F46 -> 0 | H7: =März!G46 -> 0 | I7: =SUM(C7:H7) -> 0
B8: April | C8: =April!B45 -> 0 | D8: =April!C45 -> 0 | E8: =April!D45 -> 0 | F8: =April!E45 -> 0 | G8: =April!F45 -> 0 | H8: =April!G45 -> 0 | I8: =SUM(C8:H8) -> 0
B9: Mai | C9: =Mai!B46 -> 0 | D9: =Mai!C46 -> 0 | E9: =Mai!D46 -> 0 | F9: =Mai!E46 -> 0 | G9: =Mai!F46 -> 0 | H9: =Mai!G46 -> 0 | I9: =SUM(C9:H9) -> 0
B10: Juni | C10: =Juni!B45 -> 0 | D10: =Juni!C45 -> 0 | E10: =Juni!D45 -> 0 | F10: =Juni!E45 -> 0 | G10: =Juni!F45 -> 0 | H10: =Juni!G45 -> 0 | I10: =SUM(C10:H10) -> 0
B11: Juli | C11: =Juli!B46 -> 0 | D11: =Juli!C46 -> 0 | E11: =Juli!D46 -> 0 | F11: =Juli!E46 -> 0 | G11: =Juli!F46 -> 0 | H11: =Juli!G46 -> 0 | I11: =SUM(C11:H11) -> 0
B12: August | C12: =August!B46 -> 0 | D12: =August!C46 -> 0 | E12: =August!D46 -> 0 | F12: =August!E46 -> 0 | G12: =August!F46 -> 0 | H12: =August!G46 -> 0 | I12: =SUM(C12:H12) -> 0
B13: September | C13: =September!B45 -> 0 | D13: =September!C45 -> 0 | E13: =September!D45 -> 0 | F13: =September!E45 -> 0 | G13: =September!F45 -> 0 | H13: =September!G45 -> 0 | I13: =SUM(C13:H13) -> 0
B14: Oktober | C14: =Oktober!B46 -> 0 | D14: =Oktober!C46 -> 0 | E14: =Oktober!D46 -> 0 | F14: =Oktober!E46 -> 0 | G14: =Oktober!F46 -> 0 | H14: =Oktober!G46 -> 0 | I14: =SUM(C14:H14) -> 0
B15: November | C15: =November!B45 -> 0 | D15: =November!C45 -> 0 | E15: =November!D45 -> 0 | F15: =November!E45 -> 0 | G15: =November!F45 -> 0 | H15: =November!G45 -> 0 | I15: =SUM(C15:H15) -> 0
B16: Dezember | C16: =Dezember!B46 -> 0 | D16: =Dezember!C46 -> 0 | E16: =Dezember!D46 -> 0 | F16: =Dezember!E46 -> 0 | G16: =Dezember!F46 -> 0 | H16: =Dezember!G46 -> 0 | I16: =SUM(C16:H16) -> 0
B17: Gesamt Ausgaben | C17: =SUM(C5:C16) -> 0 | D17: =SUM(D5:D16) -> 0 | E17: =SUM(E5:E16) -> 0 | F17: =SUM(F5:F16) -> 0 | G17: =SUM(G5:G16) -> 0 | H17: =SUM(H5:H16) -> 0 | I17: =SUM(I5:I16) -> 0
B19: Gesamt Einnahmen | C19: =Januar!C9+Februar!C9+März!C9+April!C9+Mai!C9+Juni!C9+Juli!C9+August!C9+September!C9+Oktober!C9+November!C9+Dezember!C9 -> 0
B21: Gesamt | C21: =SUM(C19)+I17 -> 0
B22: Einnahmen & Ausgaben
